 Dungeon Crawl Stone Soup version 0.29.1-15-g9cfb28693d (webtiles) character file.

Game seed: 5144907707025907557

3114 Eitelfritz the Cleaver (level 9, -3/78 HPs)
             Began as a Hill Orc Fighter on Apr 13, 2023.
             Was a Believer of Uskayaw.
             Slain by a gnoll sergeant
             ... wielding a +0 glaive
              (4 damage)
             ... in a bailey.
             The game lasted 00:15:19 (9957 turns).

Eitelfritz the Cleaver (Hill Orc Fighter)           Turns: 9957, Time: 00:15:20

Health: -3/78      AC: 18    Str: 23    XL:     9   Next: 91%
Magic:  12/12      EV:  7    Int:  8    God:    Uskayaw [**....]
Gold:   370        SH:  5    Dex: 10    Spells: 8/8 levels left

rFire   . . .      SeeInvis .   a - +0 war axe
rCold   + . .      Faith    .   c - +0 buckler
rNeg    . . .      Spirit   .   n - +0 plate armour
rPois   .          Reflect  .   i - +0 helmet
rElec   .          Harm     .   (no cloak)
rCorr   .          Rampage  .   (no gloves)
Will    .....                   (no boots)
Stlth   ..........              (no amulet)
HPRegen 0.23/turn               r - +4 ring of protection
MPRegen 0.13/turn               j - ring of protection from cold

@: weakened
A: no striking features
a: Renounce Religion, Stomp, Line Pass


You were in a bailey.
You worshipped Uskayaw.
Uskayaw was noncommittal.
You visited 2 branches of the dungeon, and saw 8 of its levels.
You also visited: Ossuary and Bailey.

You collected 401 gold pieces.
You spent 31 gold pieces at shops.

Inventory:

Hand Weapons
 a - a +0 war axe (weapon)
 b - a +3 vorpal sling
 o - a +2 flail of holy wrath
Missiles
 f - 7 poisoned darts (quivered)
 k - 3 boomerangs of dispersal
 t - 4 boomerangs
 v - 6 throwing nets
Armour
 c - a +0 buckler (worn)
 i - a +0 helmet (worn)
 n - a +0 plate armour (worn)
Jewellery
 j - a ring of protection from cold (right hand)
 r - a +4 ring of protection (left hand)
 s - a +4 ring of evasion
 u - a ring of positive energy
 z - a ring of protection from fire
 A - a ring of fire
 B - a ring of ice
 F - a +6 ring of strength
Wands
 p - a wand of digging (2)
Scrolls
 e - 2 scrolls of amnesia
 m - a scroll of fear
 y - 2 scrolls of blinking
 C - a scroll of butterflies {unknown}
 G - 2 scrolls of teleportation
Potions
 d - 2 potions of might
 g - 2 potions of flight {unknown}
 h - a potion of haste
 l - 3 potions of ambrosia
 q - 3 potions of lignification {unknown}
 w - 6 potions of curing {unknown}
 x - a potion of attraction {unknown}
 D - a potion of berserk rage {unknown}
 E - 2 potions of brilliance {unknown}
 H - 2 potions of resistance


   Skills:
 + Level 6.7 Fighting
 + Level 11.3 Axes
 + Level 7.7 Armour
 + Level 2.2 Dodging
 + Level 2.1 Stealth
 + Level 5.4 Shields
 * Level 4.7 Invocations


You had 8 spell levels left.
You didn't know any spells.
Your spell library contained the following spells:

 Spells                   Type           Power      Damage    Failure   Level
 Summon Small Mammal      Summ           0%         N/A       100%        1
 Blink                    Tloc           0%         N/A       100%        2
 Ensorcelled Hibernation  Hex/Ice        0%         N/A       100%        2
 Call Canine Familiar     Summ           0%         N/A       100%        3
 Frozen Ramparts          Ice            0%         1d1       100%        3
 Ignite Poison            Fire/Tmut/Pois 0%         N/A       100%        3
 Inner Flame              Hex/Fire       0%         N/A       100%        3
 Lesser Beckoning         Tloc           0%         N/A       100%        3
 Mephitic Cloud           Conj/Pois/Air  0%         N/A       100%        3
 Spider Form              Tmut/Pois      0%         N/A       100%        3
 Summon Guardian Golem    Hex/Summ       0%         N/A       100%        3
 Anguish                  Hex/Necr       0%         N/A       100%        4
 Cause Fear               Hex            0%         N/A       100%        4
 Ice Form                 Ice/Tmut       0%         N/A       100%        4
 Summon Ice Beast         Ice/Summ       0%         N/A       100%        4
 Freezing Cloud           Conj/Ice/Air   0%         6-21      100%        5
 Manifold Assault         Tloc           0%         N/A       100%        5
 Discord                  Hex            0%         N/A       100%        8


Dungeon Overview and Level Annotations

Branches:
Dungeon (7/15)             Temple (1/1) D:6         Ossuary (visited)
 Bailey (1/1)

Altars:
Ashenzari
Cheibriados
Dithmenos
Fedhas
Gozag
Hepliaklqana
Kikubaaqudgha
Makhleb
Nemelex Xobeh
Okawaru
Qazlal
Ru
Sif Muna
Trog
Uskayaw
Vehumet
Wu Jian
Yredelemnul
Zin
The Shining One

Shops:
D:7 =*


Message History

You completely miss the gnoll.
The gnoll is heavily wounded.
You hit the gnoll bouda but do no damage.
Your attacks no longer feel as feeble.
The gnoll closely misses you. The gnoll barely misses you.
The gnoll sergeant hits you from afar with a +0 glaive!
You block the gnoll sergeant's attack. The gnoll completely misses you.
The gnoll bouda hits you but does no damage.
You hit the gnoll.
The gnoll is heavily wounded.
You slash the gnoll bouda!
You kill the gnoll bouda!
You hit the wolf but do no damage.
The gnoll hits you from afar with a +0 halberd!
The wolf bites you but does no damage. You block the gnoll sergeant's attack.
The gnoll sergeant hits you from afar with a +0 halberd.
The gnoll bouda gazes fiercely through you!
You feel your attacks grow feeble. The wolf bites you but does no damage.
The gnoll hits you but does no damage.
You slash the gnoll!
You kill the gnoll!
You closely miss the wolf. x2; The wolf bites you but does no damage.
The gnoll hits you but does no damage. The wolf bites you but does no damage.
The wolf barely misses you.
The gnoll sergeant hits you from afar with a +0 glaive!
* * * LOW HITPOINT WARNING * * *
The gnoll bouda hits you but does no damage.
The gnoll sergeant hits you but does no damage.
You hit the wolf.
The wolf is lightly wounded.
You hit the wolf but do no damage. You hit the wolf. The wolf bites you.
* * * LOW HITPOINT WARNING * * *
The wolf bites you!
* * * LOW HITPOINT WARNING * * *
The wolf bites you but does no damage. The gnoll barely misses you.
The wolf bites you but does no damage.
The gnoll bouda hits you from afar with a +0 halberd.
* * * LOW HITPOINT WARNING * * *
The gnoll sergeant hits you from afar with a +0 glaive.
You die...

♣♣♣♣♣♣♣♣♣♣♣♣♣♣♣♣♣
≈≈≈≈≈≈≈≈≈≈≈≈≈≈≈≈♣♣
..............≈≈♣
...............≈♣
#####...#####..≈♣
##.gh#...#...##.≈♣
#..gh@...'....##≈♣
#...gh#...#.....#≈♣
#8.ggg##'##....8# ♣
#...g##...##....#
#...##.....##÷..#
#...#.......#)÷.#
#.. #...8...#)###
♣≈#..
#.......#)).#≈♣ ♣≈
##.....##...#≈♣


You could see 4 gnoll sergeants, 3 wolves, 2 gnoll boudas and a gnoll (swift).

Vanquished Creatures
  Grum (Bailey)
  2 water moccasins (D:6)
  An ice beast (D:7)
  A sky beast (D:6)
  2 orc warriors
  An ogre (D:4)
  A black bear (D:5)
  2 centaurs
  2 wolves (Bailey)
  2 phantoms
  A bullfrog (D:6)
  A necrophage (D:4)
  4 gnoll sergeants
  2 scorpions (D:6)
  3 wights (D:6)
  7 hounds
  2 jellies
  An orc priest (D:6)
  5 gnoll boudas (Bailey)
  5 iguanas
  An orc wizard (D:5)
  Natasha (thrice) (D:4)
  A mummy (Ossuary)
  25 gnolls
  5 adders
  2 shadow imps
  A white imp (D:6)
  An ufetubus (D:5)
  A worm (D:2)
  4 dart slugs
  10 orcs
  2 spectral bats (Ossuary)
  5 endoplasms
  A giant cockroach (D:4)
  12 gnoll zombies (Ossuary)
  3 goblins
  4 hobgoblins
  3 jackals (D:3)
  6 quokkas
  9 ball pythons
  8 bats
  2 bat simulacra (Ossuary)
  4 frilled lizards
  2 goblin simulacra (Ossuary)
  3 goblin zombies (Ossuary)
  7 hobgoblin zombies (Ossuary)
  4 kobolds
  5 kobold simulacra (Ossuary)
  4 kobold zombies (Ossuary)
  4 orc zombies (Ossuary)
  4 rats
  2 rat simulacra (Ossuary)
  5 spectral goblins (Ossuary)
  4 spectral kobolds (Ossuary)
  2 spectral rats (Ossuary)
205 creatures vanquished.

Vanquished Creatures (others)
  5 toadstools (D:1)
5 creatures vanquished.

Grand Total: 210 creatures vanquished

Notes
Turn   | Place    | Note
-------+----------+-------------------------------------------
     0 | D:1      | Eitelfritz the Hill Orc Fighter began the quest for the
                  | Orb.
     0 | D:1      | Reached XP level 1. HP: 19/19 MP: 1/1
   236 | D:1      | Found a faded altar of an unknown god.
   303 | D:1      | Reached XP level 2. HP: 19/27 MP: 2/2
   923 | D:2      | Reached skill level 3 in Axes
  1075 | D:2      | Reached XP level 3. HP: 26/33 MP: 3/3
  1570 | D:2      | Reached skill level 4 in Axes
  2035 | D:3      | Reached XP level 4. HP: 35/40 MP: 4/4
  2821 | D:4      | Reached skill level 5 in Axes
  2821 | D:4      | Reached XP level 5. HP: 36/46 MP: 5/5
  3089 | D:4      | Noticed a centaur
  3090 | D:4      | Noticed Natasha
  3094 | D:4      | Reached skill level 6 in Axes
  3110 | D:4      | Killed Natasha
  3111 | D:4      | Reached XP level 6. HP: 28/52 MP: 6/6
  3286 | D:4      | Reached skill level 5 in Armour
  3286 | D:4      | Reached skill level 1 in Dodging
  3394 | D:4      | Reached skill level 7 in Axes
  3436 | D:4      | Reached XP level 7. HP: 49/60 MP: 7/7
  3613 | D:4      | Noticed Natasha
  3621 | D:4      | Killed Natasha
  3881 | D:4      | Noticed Natasha
  3892 | D:4      | Killed Natasha
  4137 | D:5      | Entered Level 5 of the Dungeon
  4711 | D:5      | Reached skill level 5 in Fighting
  4777 | D:5      | Reached skill level 8 in Axes
  4823 | D:5      | Reached XP level 8. HP: 64/68 MP: 8/8
  5945 | D:6      | Found a staircase to the Ecumenical Temple.
  5959 | D:6      | Reached skill level 9 in Axes
  5989 | Temple   | Entered the Ecumenical Temple
  6255 | Temple   | Became a worshipper of Uskayaw the Reveller
  6325 | D:6      | Reached * piety under Uskayaw
  6327 | D:6      | Reached ** piety under Uskayaw
  6329 | D:6      | Reached *** piety under Uskayaw
  6331 | D:6      | HP: 3/69 [orc warrior/+0 trident (5)]
  6333 | D:6      | Reached **** piety under Uskayaw
  6344 | D:6      | Reached ***** piety under Uskayaw
  6348 | D:6      | Reached skill level 1 in Invocations
  6781 | D:6      | Reached skill level 5 in Shields
  6788 | D:6      | Reached skill level 10 in Axes
  6788 | D:6      | Reached XP level 9. HP: 71/75 MP: 10/10
  7381 | D:6      | Reached skill level 1 in Stealth
  7835 | D:7      | Found Qeudghoe's Assorted Antiques.
  7840 | D:7      | Found a sand-covered staircase.
  7842 | D:7      | Found Pofiri's Jewellery Emporium.
  7843 | D:7      | Bought a scroll labelled IZIFFE JISAUCW for 31 gold pieces
  7889 | D:7      | Found a flagged portal.
  7935 | Ossuary  | Entered an ossuary
  8424 | Bailey   | Entered a bailey
  8819 | Bailey   | Reached skill level 11 in Axes
  9677 | Bailey   | Noticed Grum
  9695 | Bailey   | Killed Grum
  9957 | Bailey   | HP: 1/78 [gnoll bouda/+0 halberd (6)]
  9957 | Bailey   | Slain by a gnoll sergeant

Illustrated notes

Levels and vault maps discovered:
D:1:      lightli_arrival_maybe_door_vault, layout_basic,
          shapermc_ecumenical_altar_starsandcircs, minmay_gold_behind_fungi,
          minmay_misc_feat_alley, chequers_arboretum
D:2:      layout_basic
D:3:      layout_rooms, grunt_ministairs_6, ebering_dispersal_statue_hall,
          skrybe_limestone_x
D:4:      layout_loops_ring, uniq_natasha
D:5:      layout_basic
D:6:      layout_layer_cave, temple_statues, hangedman_glass_teeth
D:7:      layout_rooms, enter_bailey_2, nicolae_ossuary_entry_ruins,
          serial_shops, nicolae_shop_crystal, nicolae_lakefront_shop, shop,
          nicolae_take_the_stairs, shop, minmay_crossroads
Temple:   nicolae_temple_slightly_damp_pantheon
Bailey:   bailey_polearm_gnolls_kennysheep, bailey

Skill      XL: |  1  2  3  4  5  6  7  8  9 |
---------------+----------------------------+-----
Axes           | 3 4 5 6 7 8 10 11 | 11.3
Fighting       | 4 5 6 |  6.7
Armour         | 4 5 6 7 |  7.7
Dodging        | 1 2 |  2.2
Shields        | 4 5 |  5.4
Invocations    | 1 4 |  4.7
Stealth        | 2 |  2.1

Action                   |  1- 3 |  4- 6 |  7- 9 || total
-------------------------+-------+-------+-------++-------
Melee: War axe           |   107 |   114 |   471 ||   692
 Fire: Sling             |       |       |     2 ||     2
Throw: Dart              |       |       |     1 ||     1
  Use: Scroll            |       |     8 |     3 ||    11
       Potion            |       |       |     3 ||     3
 Stab: Paralysed         |       |       |    20 ||    20
Armor: Scale mail        |    55 |    64 |    50 ||   169
       Plate armour      |       |       |   254 ||   254
Dodge: Dodged            |    63 |    49 |   219 ||   331
Block: Buckler           |    30 |    30 |   137 ||   197
